Map: [ESL] Alcyone

Players

ForJumy

  • Race: Protoss Protoss
  • Spawn Location: 1:00

YoungYakov - Winner!

  • Race: Zerg Zerg
  • Spawn Location: 7:00

Event: ESL SC2 Masters 2023 Winter (Regional)

VOD

Have the link to the VOD?

Description

Time

  • Played on: Oct. 29, 2023, 10:21 a.m.
  • Length: 8:42

All games in this series

Show
View Real Time Build Order
Export as new Build Order

ForJumy Protoss 

Build Orders: 1 Gate Expand, Oracle Opening 

Get SALT Encoding   

  12  0:00  Probe  
  13  0:12  Probe  
  14  0:19  Pylon  
  14  0:24  Probe  
  15  0:37  Probe (Chrono Boost)  
  15  0:39  Gateway  
  16  0:48  Probe (Chrono Boost)  
  16  0:49  Assimilator  
  17  0:53  Probe (Chrono Boost)  
  18  1:03  Probe  
  19  1:15  Probe  
  20  1:26  Nexus  
  20  1:37  Cybernetics Core  
  20  1:41  Probe  
  20  1:46  Assimilator  
  21  1:53  Probe  
  22  1:55  Pylon  
  22  2:05  Probe  
  23  2:12  Adept (Chrono Boost)  
  25  2:17  Probe  
  25  2:20  Stargate  
  26  2:27  Warp Gate  
  27  2:30  Probe (Chrono Boost)  
  27  2:32  Adept (Chrono Boost)  
  29  2:39  Probe (Chrono Boost)  
  30  2:48  Probe (Chrono Boost)  
  30  2:49  Probe (Chrono Boost)  
  32  2:53  Probe (Chrono Boost)  
  32  2:54  Adept  
  32  2:56  Probe  
  36  3:04  Oracle (Chrono Boost)  
  39  3:06  Probe  
  40  3:15  Gateway  
  40  3:16  Probe  
  40  3:20  Probe  
  40  3:28  Probe  
  40  3:32  Twilight Council  
  40  3:33  Probe  
  42  3:39  Pylon  
  42  3:40  Probe  
  43  3:45  Probe  
  44  3:55  Gateway  
  44  3:57  Oracle  
  44  3:59  Gateway  
  44  4:02  Probe  
  48  4:04  Resonating Glaives (Chrono Boost), Pylon  
  48  4:07  Probe  
  49  4:17  Probe  
  49  4:18  Stalker  
  52  4:24  Adept  
  53  4:32  Probe  
  53  4:33  Probe  
  55  4:42  Adept  
  55  4:44  Probe  
  59  4:45  Probe  
  59  4:48  Pylon  
  59  4:54  Nexus, Adept  
  59  4:56  Pylon  
  59  4:57  Probe  
  59  4:58  Pylon  
  62  5:05  Robotics Facility, Pylon  
  62  5:14  Probe  
  62  5:15  Adept x2  
  62  5:16  Probe  
  62  5:18  Adept  
  70  5:23  Adept  
  70  5:25  Shield Battery  
  70  5:28  Probe  
  73  5:31  Assimilator  
  73  5:33  Assimilator  
  73  5:44  Probe  
  74  5:55  Probe (Chrono Boost)  
  74  5:56  Adept x4  
  68  6:06  Probe (Chrono Boost)  
  68  6:07  Probe (Chrono Boost)  
  68  6:09  Probe (Chrono Boost)  
  66  6:14  Probe x2 (Chrono Boost)  
  66  6:15  Robotics Bay  
  66  6:16  Forge  
  66  6:17  Probe (Chrono Boost)  
  69  6:19  Adept x4  
  69  6:20  Probe  
  69  6:21  Probe  
  79  6:28  Probe  
  79  6:32  Probe  
  81  6:33  Probe  
  82  6:41  Probe (Chrono Boost)  
  82  6:44  Probe (Chrono Boost), Adept x3  
  82  6:45  Adept  
  80  6:49  Probe (Chrono Boost)  
  80  6:53  Shield Battery  
  76  6:56  Probe (Chrono Boost)  
  76  6:58  Probe (Chrono Boost)  
  76  7:00  Probe (Chrono Boost), Colossus (Chrono Boost)  
  76  7:01  Probe (Chrono Boost)  
  78  7:04  Probe  
  86  7:09  Pylon, Probe  
  87  7:17  Gateway  
  87  7:20  Gateway  
  87  7:21  Adept x3  
  92  7:32  Adept  
  92  7:33  Probe  
  92  7:34  Probe  
  87  7:39  Gateway  
  87  7:40  Robotics Facility  
  87  7:43  Void Ray, Probe  
  92  7:45  Gateway  
  92  7:49  Gateway  
  92  7:52  Colossus (Chrono Boost)  
  98  7:59  Pylon  
  95  8:07  Zealot x4  
  95  8:08  Assimilator  
  103  8:14  Assimilator, Shield Battery  
  99  8:24  Probe x3  
  67  8:29  Stalker x3  
  67  8:31  Zealot  
Show
View Real Time Build Order
Export as new Build Order

YoungYakov Zerg - Winner!

Build Orders: Hatch First 

Get SALT Encoding   

  12  0:00  Drone  
  13  0:12  Overlord  
  13  0:17  Drone  
  14  0:31  Drone x2  
  16  0:39  Drone  
  17  0:52  Hatchery  
  17  0:55  Drone  
  17  0:59  Drone  
  18  1:09  Extractor  
  17  1:14  Spawning Pool  
  17  1:17  Drone  
  17  1:20  Drone  
  18  1:27  Drone  
  19  1:38  Drone  
  20  1:50  Overlord  
  20  2:01  Queen  
  20  2:04  Zergling x2  
  20  2:05  Queen  
  25  2:09  Zergling x2  
  25  2:11  Zergling x2  
  25  2:15  Metabolic Boost  
  27  2:18  Zergling x2  
  28  2:23  Drone  
  28  2:27  Zergling x2  
  30  2:36  Drone  
  31  2:41  Queen  
  33  2:46  Hatchery  
  33  2:50  Drone  
  33  2:56  Overlord  
  32  2:58  Drone  
  32  3:01  Drone x2  
  35  3:13  Drone  
  35  3:16  Drone, Overlord  
  35  3:17  Queen  
  35  3:18  Drone x2  
  40  3:22  Drone x2  
  42  3:28  Drone x2  
  42  3:31  Overlord  
  44  3:35  Spore Crawler  
  44  3:38  Zergling x2  
  44  3:39  Queen  
  45  3:42  Zergling x2  
  45  3:44  Spore Crawler  
  46  3:48  Zergling x4  
  46  3:53  Drone x3  
  50  3:58  Drone  
  50  3:59  Drone  
  52  4:04  Drone x2  
  52  4:05  Drone  
  52  4:07  Queen  
  57  4:14  Drone x2  
  57  4:15  Spore Crawler  
  58  4:17  Overlord  
  58  4:21  Baneling Nest  
  58  4:22  Drone x2  
  59  4:28  Drone x4  
  63  4:33  Overlord  
  63  4:35  Overlord  
  63  4:37  Overlord  
  63  4:41  Extractor  
  63  4:43  Queen  
  64  4:50  Zergling x6  
  64  4:51  Overlord  
  64  4:52  Zergling x6  
  69  4:55  Drone x3  
  73  5:00  Zergling x2  
  73  5:03  Zergling x10  
  73  5:06  Baneling x6  
  78  5:08  Baneling x2  
  78  5:11  Zergling x2  
  79  5:18  Drone  
  79  5:19  Drone  
  81  5:22  Zergling x2, Overlord  
  81  5:23  Zergling x2  
  81  5:26  Zergling x6  
  81  5:28  Baneling x2  
  86  5:31  Drone x2  
  86  5:32  Zergling x6, Hatchery  
  89  5:45  Zergling x10  
  90  6:01  Drone x5, Lair  
  90  6:03  Drone x5  
  90  6:04  Drone x2  
  97  6:09  Roach Warren  
  97  6:10  Drone x2  
  98  6:12  Evolution Chamber  
  98  6:13  Drone  
  98  6:18  Extractor, Drone x2  
  97  6:19  Extractor, Overlord  
  97  6:26  Extractor  
  97  6:28  Zergling x14  
  102  6:33  Overlord  
  102  6:45  Zergling x12  
  99  6:48  Zergling x6  
  95  6:58  Evolution Chamber  
  95  6:59  Glial Reconstitution  
  95  7:00  Roach x5, Centrifugal Hooks  
  104  7:03  Overlord  
  104  7:05  Overlord  
  104  7:06  Roach x3  
  110  7:12  Overlord x2  
  110  7:16  Roach  
  110  7:19  Queen  
  113  7:24  Zergling x10  
  115  7:31  Drone x5  
  115  7:35  Roach x4  
  115  7:36  Roach  
  130  7:41  Zergling x2  
  130  7:42  Zergling x2  
  130  7:43  Baneling x8  
  132  7:49  Spore Crawler  
  132  7:50  Roach x3, Overlord x2  
  132  7:51  Overlord x2  
  137  7:52  Baneling  
  137  7:55  Zergling x6  
  137  7:57  Baneling x2  
  137  7:58  Baneling  
  140  8:01  Zergling x14  
  147  8:06  Zergling x2  
  147  8:07  Zergling x4  
  147  8:09  Baneling  
  147  8:10  Baneling x4  
Tags
 
Add a new tag
Caveats
  • Supply blocks, unpowered buildings, or Contaminate may cause inaccurate times.
  • Supply counts are checked every 10 seconds.